 Dungeon Sprint DCSS version 0.23.2-1-ga50397a6bc (webtiles) character file.

Game seed: 12538114812633908718

6811 Kobolds4U the Severer (level 10, -6/107 HPs)
             Began as a Minotaur Berserker on May 10, 2019.
             Was a High Priest of Trog.
             Splashed by an oklob plant's acid (11 damage)
             ... in the Dungeon (Sprint I: "Red Sonja").
             The game lasted 00:07:33 (1822 turns).

Kobolds4U the Severer (Minotaur Berserker)          Turns: 1822, Time: 00:07:34

Health: -6/107     AC:  3    Str: 21    XL:     10   Next: 77%
Magic:  3/3        EV: 14    Int:  4    God:    Trog [*****.]
Gold:   585        SH:  0    Dex: 14    Spells: 9/9 levels left

rFire    . . .     SeeInvis .   c - +5 executioner's axe (antimagic)
rCold    . . .     Gourm    .   (shield currently unavailable)
rNeg     . . .     Faith    .   b - +0 chain mail
rPois    .         Spirit   .   (helmet restricted)
rElec    .         Reflect  .   (no cloak)
rCorr    .         Harm     .   (no gloves)
MR       .....     NoTele   +   p - +0 pair of boots
Stlth    ..........             (no amulet)
HPRegen  0.27/turn              (no ring)
MPRegen  0.08/turn              (no ring)

@: corroded
A: retaliatory headbutt, horns 2
a: Berserk, Trog's Hand, Brothers in Arms, Renounce Religion


You were in the Dungeon.
You worshipped Trog.
Trog was extremely pleased with you.
You were not hungry.

You visited 1 branch You collected 702 gold pieces.
You spent 117 gold pieces at shops.

Inventory:

Hand Weapons
 a - a +0 hand axe
 c - a +5 antimagic executioner's axe (weapon)
 e - the +7 falchion of Corporal Punishment {freeze, rElec Str+2}
   (Trog gifted it to you in the Dungeon)

   It has been specially enchanted to freeze those struck by it, causing extra
   injury to most foes and up to half again as much damage against particularly
   susceptible opponents.
   It can also slow down cold-blooded creatures.
   It affects your strength (+2).
   It insulates you from electricity.
Armour
 b - a +0 chain mail (worn)
 m - a +2 scale mail of positive energy
 p - a +0 pair of boots (worn)
Wands
 j - a wand of polymorph (3)
 n - a wand of random effects (22)
Scrolls
 o - a scroll of remove curse {unknown}
Potions
 g - 2 potions of magic
 h - a potion of berserk rage
 i - a potion of haste
 k - a potion of degeneration {unknown}


   Skills:
 + Level 16.1 Fighting
 * Level 17.7 Axes
 + Level 15.0 Armour
 + Level 10.0 Dodging


You had 9 spell levels left.
You didn't know any spells.
Your spell library was empty.

Dungeon Overview and Level Annotations

Branches:
Dungeon (1/1)

Altars:
Cheibriados
Dithmenos
Elyvilon
Fedhas
Gozag
Hepliaklqana
Kikubaaqudgha
Makhleb
Nemelex Xobeh
Okawaru
Qazlal
Ru
Sif Muna
Trog
Uskayaw
Vehumet
Wu Jian
Xom
Yredelemnul
Zin
The Shining One
Jiyva
Lugonu

Shops:
D [

Annotations:
D exclusion: oklob plant


Innate Abilities, Weirdness & Mutations

You reflexively headbutt those who attack you in melee.
You have a pair of horns on your head.


Message History

You hit the oklob plant but do no damage.
You headbutt the oklob plant, but do no damage.
The oklob plant is heavily damaged.
You hit the oklob plant but do no damage.
The oklob plant is heavily damaged.
The oklob plant spits acid at you. The splash of acid hits you!
You are splashed with acid!
You slash the oklob plant!
You headbutt the oklob plant, but do no damage.
The oklob plant is severely damaged.
The oklob plant spits acid at you. The splash of acid hits you!
* * * LOW HITPOINT WARNING * * *
You are splashed with acid!
* * * LOW HITPOINT WARNING * * *
The oklob plant spits acid at you. The splash of acid hits you!
* * * LOW HITPOINT WARNING * * *
You are splashed with acid!
You die...

#################################
..#.)'..#__#..')..#.§#.§§§§§§...†
..'..#..'..'..#)..##§#.####.§§.§#
#'#####'#__####...'§.#§# ##..§##
..#...#.####(.#####§§'.# ###+#
###..##(#≈§≈.§#..##+#### #.#
__##'#_.'≈§§.§§..#.°○°.# #§§#
...'..._#§§§.)#.@#..○^°+ ##.#
__##_.#'##+#####'###○°.# .#
__###+#(# #P+ ○..# ## ### ### ###
..## ..# #+#


You could see an oklob plant.

Vanquished Creatures
  2 centaur warriors (D)
  A lindwurm (D)
  A gargoyle (D)
  2 kobold demonologists (D)
  4 demonic crawlers (D)
  A hornet (D)
  A slime creature (D)
  Sigmund (D)
  A yak (D)
  13 hogs (D)
  2 floating eyes (D)
  An ogre (D)
  A jelly (D)
  Ijyb (D)
32 creatures vanquished.

Vanquished Creatures (collateral kills)
  A hydra (D)
1 creature vanquished.

Grand Total: 33 creatures vanquished

Notes
Turn   | Place    | Note
-------+----------+-------------------------------------------
     0 | D        | Kobolds4U the Minotaur Berserker began the quest for the
                  | Orb.
     0 | D        | Reached XP level 1. HP: 19/19 MP: 0/0
     1 | D        | Noticed Ijyb
    16 | D        | Killed Ijyb
    16 | D        | Reached skill level 5 in Fighting
    16 | D        | Reached skill level 5 in Axes
    16 | D        | Reached XP level 2. HP: 22/29 MP: 1/1
    94 | D        | Noticed an ogre
    97 | D        | Killed an ogre
    97 | D        | Reached skill level 7 in Axes
    97 | D        | Reached XP level 3. HP: 39/39 MP: 2/2
    97 | D        | Reached XP level 4. HP: 47/47 MP: 3/3
   128 | D        | Noticed Sigmund
   135 | D        | Killed Sigmund
   135 | D        | Reached ** piety under Trog
   135 | D        | Reached skill level 9 in Axes
   135 | D        | Reached XP level 5. HP: 48/57 MP: 4/4
   181 | D        | Found an ornate altar of the Wu Jian Council.
   181 | D        | Found a deep blue altar of Sif Muna.
   183 | D        | Found a radiant altar of Vehumet.
   189 | D        | Reached XP level 6. HP: 40/64 MP: 5/5
   305 | D        | Found Siutaw's Antique Armour Emporium.
   305 | D        | Found an ancient bone altar of Kikubaaqudgha.
   305 | D        | Found a hazy altar of Hepliaklqana.
   305 | D        | Found a hide-covered altar of Uskayaw.
   305 | D        | Found a basalt altar of Yredelemnul.
   305 | D        | Found an opulent altar of Gozag.
   305 | D        | Found a snail-covered altar of Cheibriados.
   305 | D        | Found a sacrificial altar of Ru.
   305 | D        | Found a shadowy altar of Dithmenos.
   305 | D        | Noticed a yak
   309 | D        | Killed a yak
   309 | D        | Reached skill level 10 in Fighting
   309 | D        | Reached skill level 10 in Axes
   310 | D        | Found a stormy altar of Qazlal.
   310 | D        | Found a blossoming altar of Fedhas.
   310 | D        | Found a bloodstained altar of Trog.
   310 | D        | Found an iron altar of Okawaru.
   310 | D        | Found a glowing golden altar of the Shining One.
   310 | D        | Found a glowing silver altar of Zin.
   310 | D        | Found a white marble altar of Elyvilon.
   311 | D        | Found a sparkling altar of Nemelex Xobeh.
   315 | D        | Bought a pair of boots for 117 gold pieces
   331 | D        | Found a viscous altar of Jiyva.
   331 | D        | Found a corrupted altar of Lugonu.
   331 | D        | Noticed a slime creature
   341 | D        | Killed a slime creature
   341 | D        | Reached *** piety under Trog
   341 | D        | Reached skill level 11 in Axes
   341 | D        | Reached XP level 7. HP: 54/74 MP: 6/6
   342 | D        | Found a burning altar of Makhleb.
   342 | D        | Found a shimmering altar of Xom.
   442 | D        | Noticed a kobold demonologist
   442 | D        | Noticed a kobold demonologist
   451 | D        | Killed a kobold demonologist
   451 | D        | Reached skill level 12 in Axes
   451 | D        | Reached skill level 10 in Armour
   451 | D        | Killed a kobold demonologist
   451 | D        | Reached **** piety under Trog
   451 | D        | Reached XP level 8. HP: 85/85 MP: 7/7
   502 | D        | Noticed a demonic crawler
   502 | D        | Noticed a demonic crawler
   502 | D        | Noticed a demonic crawler
   502 | D        | Noticed a demonic crawler
   510 | D        | Killed a demonic crawler
   510 | D        | Reached skill level 13 in Axes
   515 | D        | Killed a demonic crawler
   518 | D        | Killed a demonic crawler
   518 | D        | Reached XP level 9. HP: 86/94 MP: 8/8
   520 | D        | Killed a demonic crawler
   520 | D        | Reached ***** piety under Trog
   520 | D        | Reached skill level 14 in Axes
   598 | D        | Noticed a lindwurm
   618 | D        | Killed a lindwurm
   849 | D        | Reached skill level 15 in Axes
   873 | D        | Received a gift from Trog
   877 | D        | Reached skill level 15 in Fighting
   883 | D        | Reached XP level 10. HP: 34/105 MP: 3/9
   886 | D        | Reached skill level 16 in Axes
   893 | D        | Reached ****** piety under Trog
  1222 | D        | Noticed a 12-headed hydra
  1228 | D        | Killed a 14-headed hydra
  1228 | D        | Received a gift from Trog
  1232 | D        | Got a scorched falchion {god gift}
  1233 | D        | Identified the +7 falchion of Corporal Punishment {freeze,
                  | rElec Str+2} (Trog gifted it to you in the Dungeon)
  1361 | D        | Noticed a daeva
  1378 | D        | Noticed a gargoyle
  1391 | D        | Killed a gargoyle
  1413 | D        | Noticed a centaur warrior
  1413 | D        | Noticed a centaur warrior
  1419 | D        | Killed a centaur warrior
  1419 | D        | Reached skill level 17 in Axes
  1422 | D        | Killed a centaur warrior
  1422 | D        | Reached skill level 15 in Armour
  1457 | D        | Paralysed by a hornet for 3 turns
  1463 | D        | Reached skill level 10 in Dodging
  1810 | D        | Noticed an oklob plant
  1822 | D        | HP: 5/107 [oklob plant/splash of acid (9)]
  1822 | D        | Splashed by an oklob plant's acid

Skill      XL: |  1  2  3  4  5  6  7  8  9 10 |
---------------+-------------------------------+-----
Fighting       | 5 7 9 11 12 13 15 16 | 16.1
Axes           | 5 7 9 11 12 13 15 17 | 17.7
Dodging        | 4 6 8 10 | 10.0
Armour         | 6 9 11 12 13 15 | 15.0

Action                   |  1- 3 |  4- 6 |  7- 9 | 10-12 || total
-------------------------+-------+-------+-------+-------++-------
Melee: Unarmed           |     8 |       |       |       ||     8
       Hand axe          |     7 |    23 |    70 |       ||   100
       Headbutt          |     1 |     6 |    19 |    12 ||    38
       Executioner's axe |       |       |     6 |    37 ||    43
Invok: Berserk           |     1 |       |     2 |       ||     3
       Trog's Hand       |       |       |     1 |     1 ||     2
       Brothers in Arms  |       |       |       |     1 ||     1
Evoke: Wand              |       |       |       |     1 ||     1
  Use: Potion            |       |       |     1 |     2 ||     3
       Scroll            |       |       |       |     1 ||     1
 Stab: Confused          |     1 |       |       |       ||     1
  Eat: Ration            |       |       |     1 |       ||     1
       Chunk             |       |       |       |     3 ||     3
Armor: Skin              |     1 |       |       |       ||     1
       Scale mail        |       |     2 |    19 |       ||    21
       Chain mail        |       |       |    31 |    31 ||    62
Dodge: Dodged            |     6 |     8 |    72 |    31 ||   117
